 Dungeon Crawl Stone Soup version 0.22.1-2-g9c5b331383 (webtiles) character file.

547 Peloso the Slasher (level 7, -1/60 HPs)
             Began as a Minotaur Fighter on Dec 22, 2018.
             Slain by a gnoll
             ... wielding a +0 flail
              (4 damage)
             ... on level 3 of the Dungeon.
             The game lasted 00:07:09 (2736 turns).

Peloso the Slasher (Minotaur Fighter)               Turns: 2736, Time: 00:07:10

Health: -1/60      AC: 12    Str: 21    XL:     7   Next: 7%
Magic:  6/6        EV:  5    Int:  5    God:
Gold:   182        SH: 10    Dex: 11    Spells: 6/6 levels left

rFire    . . .     SeeInvis .   a - +2 falchion (slice)
rCold    . . .     Gourm    .   c - +0 shield
rNeg     . . .     Faith    .   n - +0 plate armour
rPois    .         Spirit   .   (helmet restricted)
rElec    .         Reflect  .   (no cloak)
rCorr    .         Harm     .   (no gloves)
MR       .....                  (no boots)
Stlth    ..........             (no amulet)
HPRegen  0.20/turn              e - ring of flight
MPRegen  0.10/turn              (no ring)

@: no status effects
A: retaliatory headbutt, horns 2
a: Evoke Flight


You were on level 3 of the Dungeon.
You were not hungry.

You visited 1 branch of the dungeon, and saw 3 of its levels.

You collected 182 gold pieces.

Inventory:

Hand Weapons
 a - a +2 falchion of slicing (weapon)
Armour
 b - a +0 scale mail
 c - a +0 shield (worn)
 n - a +0 plate armour (worn)
Jewellery
 e - a ring of flight (left hand)
 q - an uncursed amulet of magic regeneration {unknown}
Scrolls
 g - 3 scrolls of magic mapping {unknown}
 h - a scroll of immolation {unknown}
 j - a scroll of teleportation {unknown}
 k - 5 scrolls of identify {unknown}
 l - a scroll of remove curse {unknown}
 p - a scroll of noise {unknown}
Potions
 d - a potion of might
 i - a potion of mutation {unknown}
 m - a potion of flight {unknown}
 o - 2 potions of curing {unknown}
Comestibles
 f - 6 rations
 r - 3 chunks of flesh


   Skills:
 + Level 4.5 Fighting
 + Level 6.3 Long Blades
 + Level 5.2 Armour
 + Level 1.1 Dodging
 + Level 5.8 Shields


You had 6 spell levels left.
You didn't know any spells.
Your spell library was empty.

Dungeon Overview and Level Annotations

Branches:
Dungeon (3/15)

Altars:


Innate Abilities, Weirdness & Mutations

You reflexively headbutt those who attack you in melee.
You have a pair of horns on your head.


Message History

You hit the gnoll sergeant. You headbutt the gnoll sergeant.
The gnoll sergeant is severely wounded.
The gnoll sergeant hits you with a spear of pain.
* * * LOW HITPOINT WARNING * * *
Unknown command.
You hit the gnoll sergeant.
Your headbutt misses the gnoll sergeant.
The gnoll sergeant is almost dead.
The gnoll hits you but does no damage.
The gnoll sergeant hits you with a spear of pain.
* * * LOW HITPOINT WARNING * * *
You writhe in agony.
* * * LOW HITPOINT WARNING * * *
The gnoll shouts!
You hit the gnoll sergeant but do no damage.
The gnoll sergeant is almost dead.
The gnoll sergeant hits you with a spear of pain.
* * * LOW HITPOINT WARNING * * *
The gnoll hits you with a flail.
You die...

≈≈≈≈≈.)).≈≈≈≈≈≈≈≈≈≈≈≈≈≈≈≈≈≈≈....#
≈≈≈≈≈)†..≈≈≈≈≈≈≈≈≈≈≈≈≈≈≈≈≈≈≈....#
≈≈≈≈≈.†).≈≈≈≈≈≈≈≈g≈g≈#####≈≈....#
.....................#ggg#≈≈....#
#####''''#############g..#≈≈....#
. #...)#.......# #'###≈≈P...#
....#...)#...)...# .g#.≈≈≈....#
....'...(g.......# #.≈≈≈....#
################@# #.≈≈≈....#
#.....gg# #.≈≈≈....# ........#
#.≈≈≈....# ........# #.≈≈≈....#
#........ #.≈≈≈..P.# ########.
#.#.≈≈≈....# . . #'###≈≈....#
######################...#≈≈P...#
.....................#...#≈≈....#


You could see a gnoll sergeant and 2 gnolls.

Vanquished Creatures
  A howler monkey (D:3)
  A gnoll shaman (D:3)
  Jessica (D:2)
  29 gnolls (D:3)
  6 adders
  2 oozes
  4 worms
  2 dart slugs
  5 leopard geckos
  2 orcs (D:3)
  A ball python (D:2)
  4 giant cockroaches
  7 goblins
  9 hobgoblins
  14 jackals (D:3)
  A quokka (D:3)
  4 bats
  8 frilled lizards
  9 kobolds
  5 rats
115 creatures vanquished.

Notes
Turn   | Place    | Note
-------+----------+-------------------------------------------
     0 | D:1      | Peloso the Minotaur Fighter began the quest for the Orb.
     0 | D:1      | Reached XP level 1. HP: 19/19 MP: 0/0
   196 | D:1      | Reached XP level 2. HP: 21/27 MP: 1/1
   561 | D:2      | Reached XP level 3. HP: 33/33 MP: 2/2
   575 | D:2      | Reached skill level 3 in Long Blades
   784 | D:2      | Reached XP level 4. HP: 40/40 MP: 3/3
   832 | D:2      | Noticed Jessica
   837 | D:2      | Killed Jessica
   837 | D:2      | Reached skill level 4 in Long Blades
  1654 | D:3      | Reached XP level 5. HP: 44/46 MP: 4/4
  1996 | D:3      | Reached skill level 5 in Shields
  2194 | D:3      | Reached skill level 5 in Long Blades
  2368 | D:3      | Reached XP level 6. HP: 52/52 MP: 5/5
  2488 | D:3      | Reached skill level 1 in Dodging
  2519 | D:3      | Reached skill level 5 in Armour
  2563 | D:3      | Reached skill level 6 in Long Blades
  2673 | D:3      | Reached XP level 7. HP: 30/60 MP: 6/6
  2736 | D:3      | HP: 3/60 [gnoll sergeant/spear of pain (4)]
  2736 | D:3      | Slain by a gnoll

Skill      XL: |  1  2  3  4  5  6 |
---------------+-------------------+-----
Armour         | 4 5 |  5.2
Fighting       | 4 |  4.5
Shields        | 4 5 |  5.8
Long Blades    | 3 4 5 6 |  6.3
Dodging        | 1 |  1.1

Action                   |  1- 3 |  4- 6 |  7- 9 || total
-------------------------+-------+-------+-------++-------
Melee: Long sword        |   108 |   128 |       ||   236
       Headbutt          |    14 |    36 |     2 ||    52
       Falchion          |       |    80 |    19 ||    99
  Eat: Chunk             |       |     6 |     1 ||     7
Armor: Scale mail        |    58 |       |       ||    58
       Plate armour      |     8 |   149 |     5 ||   162
Dodge: Dodged            |    40 |    39 |     4 ||    83
Block: Shield            |    66 |   122 |    13 ||   201
       Rpst.: Long sword |    12 |     6 |       ||    18
       Falchion          |       |     8 |     1 ||     9
